 Dungeon Crawl Stone Soup version 0.28-a0-1395-g4f6bc678fa (webtiles) character file.

Game seed: 5710444085112903171

72 Delamore the Poker (level 4, -5/35 HPs)
             Began as a Formicid Fighter on Jan 4, 2022.
             Shot with an arrow by a centaur (7 damage)
             ... on level 3 of the Dungeon.
             The game lasted 00:01:58 (2249 turns).

Delamore the Poker (Formicid Fighter)               Turns: 2249, Time: 00:01:59

Health: -5/35      AC:  8    Str: 23    XL:     4   Next: 50%
Magic:  4/4        EV:  9    Int:  7    God:
Gold:   14         SH:  5    Dex: 10    Spells: 3/3 levels left

rFire   . . .      SeeInvis +   a - +0 trident
rCold   . . .      Faith    .   c - +1 buckler
rNeg    . . .      Spirit   .   b - +0 scale mail
rPois   .          Reflect  .   (helmet unavailable)
rElec   .          Harm     .   g - +0 cloak
rCorr   .          Rampage  .   (no gloves)
Will    .....                   (no boots)
Stlth   ..........              (no amulet)
HPRegen 0.11/turn               (no ring)
MPRegen 0.09/turn               (no ring)

@: no status effects
A: permanent stasis, dig shafts and tunnels, antennae 3, four strong arms
a: Dig, Shaft Self


You were on level 3 of the Dungeon.
You visited 1 branch of the dungeon, and saw 3 of its levels.

You collected 40 gold pieces.
You spent 26 gold pieces at shops.

Inventory:

Hand Weapons
 a - a +0 trident (weapon)
Missiles
 k - 9 poisoned darts
Armour
 b - a +0 scale mail (worn)
 c - a +1 buckler (worn)
 g - a +0 cloak (worn)
Jewellery
 f - an amulet of faith
Scrolls
 i - a scroll of fog
Potions
 d - a potion of might
 e - 2 potions of heal wounds {unknown}
 h - a potion of invisibility {unknown}


   Skills:
 - Level 3.2 Fighting
 + Level 4.4 Polearms
 - Level 3.2 Armour
 - Level 3.6 Shields


You had 3 spell levels left.
You didn't know any spells.
Your spell library contained the following spells:

 Spells                   Type           Power      Damage    Failure   Level
 Sandblast                Erth           0%         2d4       75%         1
 Passwall                 Tmut/Erth      0%         N/A       86%         2
 Gell's Gravitas          Tloc           0%         N/A       98%         3
 Lesser Beckoning         Tloc           0%         N/A       98%         3
 Stone Arrow              Conj/Erth      0%         3d7       98%         3
 Summon Guardian Golem    Hex/Summ       0%         N/A       98%         3
 Teleport Other           Tloc           0%         N/A       98%         3
 Orb of Destruction       Conj           0%         N/A       100%        7
 Spellforged Servitor     Conj/Summ      0%         N/A       100%        7


Dungeon Overview and Level Annotations

Branches:
Dungeon (3/15)

Altars:

Shops:
D:2 ?


Innate Abilities, Weirdness & Mutations

You cannot be hasted, slowed, berserked, paralysed or teleported.
You can dig through walls and to a lower floor.
You have a pair of large antennae on your head. (SInv)
Your four strong arms can wield two-handed weapons with a shield.


Message History

The centaur shoots an arrow.
You block the arrow.
The centaur shoots an arrow.
The arrow closely misses you.
You hear a shout!
You reach to attack!
You hit the centaur.
The centaur is lightly wounded.
You hear a shout!
The centaur shoots an arrow.
The arrow hits you!
The centaur shoots an arrow.
The arrow hits you.
You are too injured to fight recklessly!
You are too injured to fight recklessly!
You are too injured to fight recklessly!
You are too injured to fight recklessly!
You are too injured to fight recklessly!
You are too injured to fight recklessly!
You are too injured to fight recklessly!
You are too injured to fight recklessly!
You are too injured to fight recklessly!
You are too injured to fight recklessly!
You are too injured to fight recklessly!
You are too injured to fight recklessly!
You are too injured to fight recklessly!
You are too injured to fight recklessly!
You are too injured to fight recklessly!
You are too injured to fight recklessly!
You are too injured to fight recklessly!
You are too injured to fight recklessly!
You are too injured to fight recklessly!
You are too injured to fight recklessly!
You are too injured to fight recklessly!
The centaur shoots an arrow.
The arrow hits you.
* * * LOW HITPOINT WARNING * * *
The centaur shoots an arrow.
The arrow closely misses you.
The centaur shoots an arrow.
The arrow hits you.
* * * LOW HITPOINT WARNING * * *
The centaur shoots an arrow.
You block the arrow.
The centaur shoots an arrow.
The arrow hits you.
* * * LOW HITPOINT WARNING * * *
A goblin comes into view. It is wielding a +0 dagger.
The centaur shoots an arrow.
The arrow hits you!
You die...

##....#..
#.......
+.....(#
#...>..# #
#......# .# #
#......# #.#.##
#..†...##.....#
#..@....c#.#.###
#......#.g......
##########.#.#..
.. .# .. .. #


You could see a centaur and a goblin.

Vanquished Creatures
  3 adders
  A dart slug (D:1)
  4 bats
  3 endoplasms
  5 giant cockroaches
  3 goblins
  A hobgoblin (D:1)
  6 kobolds
  3 quokkas
  2 ball pythons
  3 frilled lizards (D:1)
  11 rats
45 creatures vanquished.

Notes
Turn   | Place    | Note
-------+----------+-------------------------------------------
     0 | D:1      | Delamore the Formicid Fighter began the quest for the Orb.
     0 | D:1      | Reached XP level 1. HP: 18/18 MP: 1/1
   220 | D:1      | Reached XP level 2. HP: 23/24 MP: 2/2
   475 | D:1      | Reached skill level 3 in Polearms
   744 | D:1      | Reached XP level 3. HP: 26/29 MP: 3/3
  1617 | D:2      | Reached skill level 4 in Polearms
  1617 | D:2      | Reached XP level 4. HP: 35/35 MP: 4/4
  2018 | D:2      | Found Unymisoy's Magic Scroll Shoppe.
  2030 | D:2      | Bought a scroll of fog for 26 gold pieces
  2188 | D:2      | Found a faded altar of an unknown god.
  2240 | D:3      | Noticed a centaur
  2249 | D:3      | Shot with an arrow by a centaur

Illustrated notes

Levels and vault maps discovered:
D:1:      dpeg_arrival_round_b, layout_loops_cross
D:2:      layout_rooms, dilly_ecumenical_altar_fadedgnrine, serial_shops, shop,
          minmay_rat_gold_closets
D:3:      layout_basic, old_standard_altar, mainiacjoe_overflow_brackets,
          st_stairs_13, hangedman_abyss_or_decor_stabs, mrwooster_statue_mirror,
          uniq_natasha

Skill      XL: |  1  2  3 |
---------------+----------+-----
Polearms       | 3 4 |  4.4
Fighting       | |  3.2
Armour         | |  3.2
Shields        | |  3.6

Action                   |  1- 3 |  4- 6 || total
-------------------------+-------+-------++-------
Melee: Trident           |   100 |    47 ||   147
  Use: Scroll            |     3 |     2 ||     5
Armor: Scale mail        |    35 |    10 ||    45
Dodge: Dodged            |    32 |    13 ||    45
Block: Buckler           |    15 |     5 ||    20

Table legend: (Time is in decaauts)
 A = Elapsed time spent in this place.
 B = Non-inter-level travel time spent in this place.
 C = Inter-level travel time spent in this place.
 D = Time resting spent in this place.
 E = Time spent auto-exploring this place.
 F = Levels seen in this place.
 G = Mean time per level.
                   A        B        C        D        E       F      G
               +--------+--------+--------+--------+--------+-----+--------+
         Total |   2267 |   2188 |     79 |      0 |   1863 |   3 |  755.7 |
       Dungeon |   2267 |   2188 |     79 |      0 |   1863 |   3 |  755.7 |
               +--------+--------+--------+--------+--------+-----+--------+

Top non-repeatable levels by time:
     D:2: 1278 daAuts
     D:1: 972 daAuts
     D:3: 17 daAuts
